 Dungeon Crawl Stone Soup version 0.31-a0-851-g7ff8af7976 (webtiles) character file.

Game seed: 708034451031133226

51 randomguy2701 the Protected (level 3, -2/28 HPs)
             Began as a Gnoll Wanderer on Oct 6, 2023.
             Slain by Grinder (3 damage)
             ... on level 2 of the Dungeon.
             The game lasted 00:01:37 (1628 turns).

randomguy2701 the Protected (Gnoll Wanderer)        Turns: 1628, Time: 00:01:38

Health: -2/28      AC: 11    Str: 17    XL:     3   Next: 81%
Magic:  4/4        EV:  8    Int:  8    God:
Gold:   80         SH:  0    Dex: 10    Spells: 4/4 levels left

rFire   . . .        a - +0 sling
rCold   . . .        (no shield)
rNeg    . . .        b - +0 chain mail
rPois   .            (no helmet)
rElec   .            (no cloak)
rCorr   .            (no gloves)
SInv    .            (no boots)
Will    .....        (no amulet) Stlth
                     (no ring)
HPRegen 0.24/turn    (no ring)
MPRegen 0.09/turn

%: no passive effects
@: no status effects
A: fangs 1, strong nose, distributed training
a: no special abilities


You were on level 2 of the Dungeon.
You visited 1 branch of the dungeon, and saw 3 of its levels.

You collected 80 gold pieces.

Inventory:

Hand Weapons
 a - a +0 sling (weapon)
 d - a +0 dagger
Missiles
 c - 7 boomerangs (quivered)
Armour
 b - a +0 chain mail (worn)
Wands
 p - a wand of paralysis (6)
Scrolls
 e - a scroll of fog
 h - a scroll of enchant weapon {unknown}
 i - a scroll of immolation {unknown}
 j - a scroll of teleportation {unknown}
 k - 2 scrolls of identify {unknown}
 n - a scroll of brand weapon {unknown}
Potions
 f - a potion of heal wounds {unknown}
 g - a potion of magic {unknown}
 l - a potion of curing {unknown}
 m - 2 potions of berserk rage {unknown}
 o - a potion of might {unknown}


   Skills:
 + Level 2.6 Fighting
 + Level 1.0 Short Blades
 + Level 1.0 Long Blades
 + Level 1.0 Axes
 + Level 1.0 Maces & Flails
 + Level 1.0 Polearms
 + Level 1.0 Staves
 + Level 2.6 Ranged Weapons
 + Level 4.6 Throwing
 + Level 10.4 Armour
 + Level 1.0 Dodging
 + Level 2.4 Stealth
 + Level 1.0 Shields
 + Level 1.0 Unarmed Combat
 + Level 1.0 Spellcasting
 + Level 0.7 Conjurations
 + Level 0.7 Hexes
 + Level 0.7 Summonings
 + Level 0.7 Necromancy
 + Level 0.7 Translocations
 + Level 0.7 Transmutations
 + Level 0.7 Fire Magic
 + Level 0.7 Ice Magic
 + Level 0.7 Air Magic
 + Level 0.7 Earth Magic
 + Level 0.7 Poison Magic
 + Level 1.0 Invocations
 + Level 1.0 Evocations
 + Level 0.8 Shapeshifting


You had 4 spell levels left.
You didn't know any spells.
Your spell library contained the following spells:

 Spells                   Type           Power      Damage    Failure   Level
 Sting                    Tmut/Pois      4%         1d3       91%         1
 Poisonous Vapours        Pois/Air       2%         N/A       97%         2
 Olgreb's Toxic Radiance  Pois           1%         N/A       100%        4


Dungeon Overview and Level Annotations

Branches:
Dungeon (3/15)

Altars:

Shops:
D:1 [

Annotations:
D:2 Grinder


Innate Abilities, Weirdness & Mutations

You have very sharp teeth.
Your uncanny sense of smell can sniff out nearby items.
Your experience applies equally to all skills.


Message History

The kobold hits you with a +0 dagger.
You shoot a sling bullet.
The sling bullet closely misses the kobold.
The kobold hits you but does no damage. x2
You shoot a sling bullet. The sling bullet barely misses the orc.
A ball python comes into view.
The orc barely misses you. The kobold hits you but does no damage.
You shoot a sling bullet. The sling bullet barely misses the orc.
The ball python hisses angrily.
The kobold hits you but does no damage. The orc barely misses you.
The orc hits you but does no damage. The kobold hits you with a +0 dagger.
You shoot a sling bullet.
The sling bullet hits Grinder but does no damage.
The kobold hits you but does no damage. The orc hits you but does no damage.
Grinder hits you.
You writhe in agony.
The orc hits you but does no damage. The kobold hits you but does no damage.
Grinder gestures at you.
You barely resist. The orc closely misses you.
Grinder hits you but does no damage. The kobold barely misses you.
You climb upwards.
There is a stone staircase leading down here.
Grinder completely misses you. The orc barely misses you.
The kobold barely misses you. Grinder closely misses you.
Grinder attacks as she pursues you! Grinder hits you.
You writhe in agony.
* * * LOW HITPOINT WARNING * * *
Things that are here:
5 stones; a +0 short sword Grinder gestures at you.
You suddenly lose the ability to move!
Grinder hits you but does no damage. The kobold hits you with a +0 dagger.
* * * LOW HITPOINT WARNING * * *
You can move again.
The kobold hits you but does no damage. Grinder attacks as she pursues you!
Grinder hits you.
* * * LOW HITPOINT WARNING * * *
You writhe in agony.
You die...
Grinder says, "Now the real fun starts!"

##..# #.......# ###.##
#.......# # #..##
#.......# #
##.)#####.......#########
#
##.[..#####..#.........#
#
######.....##.#.#######.#
#...............# #.#
#.########.##.##### #.#
#.# #....@5..# #.# #.#
#..###K#o# #.# #.# #..#
#.#.# #.#### #.#
#..###.#.# #....# #.#
#....#...# #.##.# #.#
##.#.....########.# #.#
#......>.........# #.#
################## #.#


You could see Grinder, an orc and a kobold.

Vanquished Creatures
  2 adders (D:2)
  3 endoplasms (D:1)
  A goblin (D:1)
  4 hobgoblins
  3 quokkas (D:1)
  4 ball pythons
  3 bats
  4 kobolds
  7 rats
31 creatures vanquished.

Notes
Turn   | Place    | Note
-------+----------+-------------------------------------------
     0 | D:1      | Reached skill level 10 in Armour
     0 | D:1      | randomguy2701 the Gnoll Wanderer began the quest for the
                  | Orb.
     0 | D:1      | randomguy2701 set off with the following items: a +0 sling,
                  | a +0 chain mail, 7 boomerangs, a +0 dagger, a scroll of
                  | fog.
     0 | D:1      | Reached XP level 1. HP: 17/17 MP: 1/1
   129 | D:1      | Reached XP level 2. HP: 15/23 MP: 2/2
   451 | D:1      | Found Nemecw's Antique Armour Boutique.
   659 | D:1      | Found a faded altar of an unknown god.
   708 | D:1      | Reached XP level 3. HP: 28/28 MP: 3/3
  1172 | D:2      | Reached skill level 1 in Invocations
  1287 | D:2      | Reached skill level 1 in Short Blades
  1287 | D:2      | Reached skill level 1 in Long Blades
  1287 | D:2      | Reached skill level 1 in Axes
  1287 | D:2      | Reached skill level 1 in Maces & Flails
  1287 | D:2      | Reached skill level 1 in Polearms
  1287 | D:2      | Reached skill level 1 in Staves
  1287 | D:2      | Reached skill level 1 in Dodging
  1287 | D:2      | Reached skill level 1 in Shields
  1287 | D:2      | Reached skill level 1 in Unarmed Combat
  1287 | D:2      | Reached skill level 1 in Spellcasting
  1287 | D:2      | Reached skill level 1 in Evocations
  1610 | D:3      | Noticed Grinder
  1623 | D:2      | Paralysed by Grinder for 4 turns
  1628 | D:2      | HP: 1/28 [Grinder (4)]
  1628 | D:2      | Slain by Grinder

Illustrated notes

Levels and vault maps discovered:
D:1:      shiori_shiawase, layout_loops_cross,
          shapermc_ecumenical_altar_mp_vishouse, serial_shops,
          nicolae_shop_rolling_square
D:2:      layout_basic
D:3:      layout_rooms, evilmike_ruin_ashenzari, kennysheep_vampire_church,
          lightli_temple_of_fire, uniq_grinder

Skill      XL: |  1  2  3 |
---------------+----------+-----
Armour         | | 10.4
Invocations    | 1 |  1.0
Short Blades   | 1 |  1.0
Long Blades    | 1 |  1.0
Axes           | 1 |  1.0
Maces & Flails | 1 |  1.0
Polearms       | 1 |  1.0
Staves         | 1 |  1.0
Dodging        | 1 |  1.0
Shields        | 1 |  1.0
Unarmed Combat | 1 |  1.0
Spellcasting   | 1 |  1.0
Evocations     | 1 |  1.0
Fighting       | |  2.6
Ranged Weapons | |  2.6
Throwing       | |  4.6
Stealth        | |  2.4
Conjurations   | |  0.7
Hexes          | |  0.7
Summonings     | |  0.7
Necromancy     | |  0.7
Translocations | |  0.7
Transmutations | |  0.7
Fire Magic     | |  0.7
Ice Magic      | |  0.7
Air Magic      | |  0.7
Earth Magic    | |  0.7
Poison Magic   | |  0.7
Shapeshifting  | |  0.8

Action                     || total
---------------------------++-------
   Fire: Sling             ||   159
 Armour: Chain mail        ||   129
  Dodge: Dodged            ||    68

Table legend: (Time is in decaauts)
 A = Elapsed time spent in this place.
 B = Non-inter-level travel time spent in this place.
 C = Inter-level travel time spent in this place.
 D = Time resting spent in this place.
 E = Time spent auto-exploring this place.
 F = Levels seen in this place.
 G = Mean time per level.
                   A        B        C        D        E       F      G
               +--------+--------+--------+--------+--------+-----+--------+
         Total |   1723 |   1632 |     91 |      0 |   1281 |   3 |  574.3 |
       Dungeon |   1723 |   1632 |     91 |      0 |   1281 |   3 |  574.3 |
               +--------+--------+--------+--------+--------+-----+--------+

Top non-repeatable levels by time:
     D:2: 901 daAuts
     D:1: 809 daAuts
     D:3: 12 daAuts
